Cogmind - Beta 16.1 @@@ ROGUE MODE // 2026.06.22 @ 16:25:26 Player: Akl Result: Destroyed by Y-45 Defender with Beam Rifle Performance ------------- Evolutions (1) 500 Regions Visited (3) 600 Robots Destroyed (40) 200 Value Destroyed (1081) 1081 Prototype IDs (0) 0 Alien Tech Used (0) 0 Bonus (0) 0 TOTAL SCORE: 2381 Bonus ------- None Cogmind --------- Core Integrity 0/400 Matter 69/300 Energy 250/250 System Corruption 1% Temperature Cool (9) Movement Walking (260) Ox2 Location -9/Materials Parts ------- > --- POWER (1) -------- Ion Engine > --- PROPULSION (2) --- Aluminum Leg > --- UTILITY (4) ------ Heat Sink Medium Storage Unit Signal Interpreter > --- WEAPON (2) ------- Heavy Assault Rifle Katana > --- INVENTORY (10) --- Light Ion Engine Medium Storage Unit Large Matter Pod (0) Seismic Detector Mini Grenade Launcher Peak State ------------ > --- POWER ------------ Light Nuclear Core > --- PROPULSION ------- Aluminum Leg > --- UTILITY ---------- Medium Storage Unit Signal Interpreter Targeting Computer Core Shielding > --- WEAPON ----------- Shotgun Shotgun > --- INVENTORY -------- Ion Engine Light Ion Engine Medium Storage Unit Large Matter Pod Seismic Detector Light Armor Plating Light EM Pulse Cannon Assault Rifle Mini Grenade Launcher [Rating: 13] Favorites ----------- Power Ion Engine Engine Ion Engine Power Core Light Nuclear Core Propulsion Aluminum Leg Leg Aluminum Leg Utility Signal Interpreter Device Heat Sink Storage Medium Storage Unit Processor Signal Interpreter Protection Core Shielding Weapon Assault Rifle Energy Gun EM Shotgun Energy Cannon Light EM Pulse Cannon Ballistic Gun Assault Rifle Launcher Grenade Launcher Slashing Weapon Katana Build | -11 -10 -10 -9 ------- Run | Yrd Mat Min Mat Slots Evolved 2 | . . . 2 Power . | . . . . Propulsion . | . . . . Utility 2 | . . . 2 Weapon . | . . . . Parts Attached 34 | 7 3 1 23 Power 5 | 2 . . 3 Engine 4 | 2 . . 2 Core 1 | . . . 1 Reactor . | . . . . Propulsion 8 | 2 . . 6 Treads . | . . . . Leg 8 | 2 . . 6 Wheel . | . . . . Hover . | . . . . Flight . | . . . . Utility 8 | 1 2 . 5 Device 1 | . . . 1 Storage 2 | 1 1 . . Processor 2 | . 1 . 1 Hackware . | . . . . Protection 3 | . . . 3 Artifact . | . . . . Weapon 13 | 2 1 1 9 Energy Gun 1 | . . . 1 Energy Cannon 1 | . . . 1 Ballistic Gun 8 | 2 . 1 5 Ballistic Cannon . | . . . . Launcher 2 | . 1 . 1 Special Weapon . | . . . . Impact Weapon . | . . . . Slashing Weapon 1 | . . . 1 Piercing Weapon . | . . . . Special Melee Weapon . | . . . . Unidentified Prototypes . | . . . . Parts Lost 16 | . . . 16 Power 1 | . . . 1 Propulsion 4 | . . . 4 Utility 4 | . . . 4 Weapon 7 | . . . 7 Highest Loss Streak 3 | . . . 3 To Critical Strikes . | . . . . Average Backups 7 | . 6 9 8 Power 1 | . 1 2 1 Propulsion . | . . . . Utility 3 | . 2 5 3 Weapon 2 | . 1 2 3 Tool/Special . | . . . . Unused Backups 3 | . . . 3 Power . | . . . . Propulsion . | . . . . Utility 3 | . . . 3 Weapon . | . . . . Tool/Special . | . . . . Average Slot Usage (%) 93 | . 99 100 88 Engine 9 | . 14 14 5 Core 2 | . . . 4 Leg 21 | . 28 28 16 Device 1 | . . . 2 Storage 12 | . 14 14 11 Processor 14 | . 13 14 14 Protection 7 | . . . 13 Ballistic Gun 17 | . 15 14 18 Launcher 6 | . 12 13 1 Peak Build Rating 13 | 6 7 7 13 Average Rating 9 | 4 6 7 11 On Entrance 5 | . 6 7 7 Avg Prop Armor Cover (%) . | . . . . Naked Turns . | . . . . Heaviest Build 25 | 14 20 20 25 Greatest Support 20 | 20 20 20 20 Greatest Overweight (x) 7 | 1 . . 7 Average Overweight (x) . | . . . 1 Largest Inventory Capacity 10 | 8 10 10 10 Average Capacity 9 | 6 9 10 10 Most Carried 10 | 1 9 9 10 Average Carried 7 | . 6 9 8 Final Capacity 10 | 8 10 10 10 Final Carried 9 | 1 9 9 5 Class Distribution -------------------- 74% | Mutant 25% | Scavenger-Mutant Dominant Class ---------------- Mutant | -10/Materials Mutant | -10/Mines Mutant | -9/Materials Resources | -11 -10 -10 -9 ----------- Run | Yrd Mat Min Mat Matter Collected 971 | 239 72 . 660 Remotely . | . . . . Salvage Created 1175 | . 95 33 1047 Parts 85 | . 16 . 69 Haulers Intercepted . | . . . . Recyclers Shooed . | . . . . Parts Field Recycled . | . . . . Retrieved Matter . | . . . . Parts Self-Destructed . | . . . . Prevented . | . . . . Parts Restored . | . . . . Kills | -11 -10 -10 -9 ------- Run | Yrd Mat Min Mat Combat Hostiles Destroyed 36 | . 8 4 24 Guns 21 | . 2 2 17 Cannons 3 | . . . 3 AOE 12 | . 6 2 4 Classes Destroyed 9 | . 2 1 6 Worker 1 | . . . 1 Recycler 1 | . . . 1 Operator 1 | . . . 1 Watcher 5 | . 3 . 2 Swarmer 11 | . 8 . 3 Grunt 12 | . . . 12 Duelist 1 | . . . 1 Sentry 8 | . . . 8 Assembled 4 | . . 4 . Best Kill Streak 7 | . 4 3 7 Combat Bots Only 5 | . 3 3 5 Max Kills in Single Turn 3 | . 3 2 2 Gunslinging 1 | . . . 1 Exploded 2 | . 2 1 2 Melee . | . . . . Uniques/NPCs Destroyed . | . . . . Combat | -11 -10 -10 -9 -------- Run | Yrd Mat Min Mat Hostile Shots Fired 214 | . 16 16 182 Missed 49 | . 7 3 39 Hits 165 | . 9 13 143 Melee 11 | . . 4 7 Projectile 154 | . 9 9 136 Critical Strikes 4 | . . . 4 Actively Blocked 1 | . . . 1 Damage Taken 2319 | . 68 227 2024 Core 456 | . . 42 414 Absorbed by Shields . | . . . . Redirected to Shielding 51 | . . . 51 Core Remaining (%) 91 | 100 . 83 . Volleys Fired 94 | . 10 6 78 Largest 2 | . 2 2 2 Hottest 79 | . 50 50 79 Shots Fired 176 | . 17 13 146 Gun 145 | . 9 9 127 Cannon 10 | . . . 10 Launcher 21 | . 8 4 9 Special . | . . . . Kinetic 135 | . 9 9 117 Thermal . | . . . . Explosive 21 | . 8 4 9 Electromagnetic 20 | . . . 20 Robot Hit Streak 13 | . 2 3 13 Robot Miss Streak 6 | . 1 2 6 Penetration Max . | . . . . Secondary Targets 3 | . . 1 2 Max Gunslinging Chain 1 | . . 1 1 Shots Hit Robots 107 | . 7 5 95 Core Hits 70 | . 11 10 49 Critical Kills . | . . . . Critical Parts Destroyed 1 | . . . 1 Critical Strikes 1 | . . . 1 Destroy 1 | . . . 1 Melee Attacks 2 | . . . 2 Impact . | . . . . Slashing 2 | . . . 2 Piercing . | . . . . Sneak Attacks . | . . . . Combat Hostiles . | . . . . Follow-up Attacks . | . . . . Damage Inflicted 2662 | . 586 300 1776 Guns 1281 | . 52 49 1180 Cannons 187 | . . . 187 Explosions 1130 | . 534 251 345 Melee 64 | . . . 64 Ramming . | . . . . Kinetic 1159 | . 52 49 1058 Thermal . | . . . . Explosive 1130 | . 534 251 345 Electromagnetic 309 | . . . 309 Impact . | . . . . Slashing 64 | . . . 64 Piercing . | . . . . Highest Corruption 5 | . 5 5 1 Average Corruption 2 | . 4 5 1 Corruption Purged . | . . . . Corruption Blocked . | . . . . Effects 12 | . 4 5 3 Message Errors 2 | . 1 1 . Matter Fused 1 | . 1 . . Heat Flow Errors 1 | . 1 . . Energy Discharges 2 | . . 1 1 Data Loss (minor) 3 | . . 1 2 Misfires 2 | . 1 1 . Alerts 1 | . . 1 . Overload Shots . | . . . . Overflow Damage 31 | . 13 . 18 Projectiles 18 | . . . 18 Explosions 13 | . 13 . . Melee . | . . . . Knockbacks . | . . . . Impact . | . . . . Kinetic . | . . . . Secondary . | . . . . Self-Inflicted Damage 68 | . . 15 53 Shots 3 | . . 1 2 Rammed . | . . . . Targets Rammed . | . . . . Kicked . | . . . . Crushed . | . . . . Highest Temperature 114 | . 114 22 102 Average Temperature 33 | . 59 17 31 Received Heat Transfer 792 | . . . 792 Siege Activations . | . . . . Martial Activations . | . . . . Shielding Activations . | . . . . Robots Disrupted . | . . . . Combat Hostiles . | . . . . Robots Corrupted . | . . . . Combat Hostiles . | . . . . Parts Fried 1 | . . . 1 Impact Corruptions . | . . . . Robots Melted . | . . . . Combat Hostiles . | . . . . Parts Melted . | . . . . Heat Transferred . | . . . . Parts Sabotaged . | . . . . Parts Stolen . | . . . . Parts Stripped . | . . . . Power Chain Reactions . | . . . . Alert | -11 -10 -10 -9 ------- Run | Yrd Mat Min Mat Maximum Alert Level 1 | . . . 1 Low Security (%) 94 | 100 100 100 89 Level 1 5 | . . . 10 Level 2 . | . . . . Level 3 . | . . . . Level 4 . | . . . . Level 5 . | . . . . High Security . | . . . . Max Security . | . . . . Peak Influence 306 | . 179 43 306 Initial . | . . . . Average 65 | . 75 19 67 Influence Increases 1120 | . 301 63 756 Destroy 0b10 Robot/C 640 | . 160 . 480 Destroy 0b10 Robot/NC 40 | . 15 . 25 Destroy Leader 160 | . 26 . 134 Successful Hack 6 | . 4 . 2 Disable Machine 60 | . 45 . 15 Destroy Structure 154 | . 51 33 70 Lose Combat Pursuer 60 | . . 30 30 Influence Decreases 820 | . 301 60 459 Entered New Map 3 | . . . 3 Time Decay 690 | . 301 60 329 Lost Part 127 | . . . 127 Squads Dispatched 4 | . 1 . 3 Investigation 2 | . 1 . 1 Extermination . | . . . . Reinforcement 2 | . . . 2 Assault . | . . . . Garrison . | . . . . Intercept . | . . . . Searches Triggered . | . . . . Construction Impeded . | . . . . Haulers Reinforced . | . . . . Active Scanning Responses . | . . . . Cargo Convoy Interrupts . | . . . . Stealth | -11 -10 -10 -9 --------- Run | Yrd Mat Min Mat Distress Signals 4 | . . 1 3 Communications Jammed . | . . . . Distress Signals . | . . . . Times Spotted 61 | . 12 11 38 Peak Tracking Total 7 | . 5 6 7 Tactical Retreats 4 | . . 2 2 Traps | -11 -10 -10 -9 ------- Run | Yrd Mat Min Mat Traps Triggered 4 | . 4 . . Indirectly . | . . . . Trap Hack Attempts . | . . . . Triggered . | . . . . Disarmed . | . . . . Reprogrammed . | . . . . Reused . | . . . . Traps Extracted . | . . . . Installed . | . . . . Triggered . | . . . . Machines | -11 -10 -10 -9 ---------- Run | Yrd Mat Min Mat Machines Disabled 5 | . 3 . 2 Max in Single Turn 1 | . 1 . 1 Machines Repaired . | . . . . Machines Dismantled . | . . . . Machines Sabotaged . | . . . . Overloaded Fab Kills . | . . . . Hacking | -11 -10 -10 -9 --------- Run | Yrd Mat Min Mat Machines Accessed 6 | . 3 1 2 Terminals 5 | . 3 . 2 Fabricators . | . . . . Repair Stations . | . . . . Recycling Units . | . . . . Scanalyzers . | . . . . Garrison Access . | . . . . Total Hacks 14 | . 6 1 7 Successful 10 | . 5 1 4 Failed 4 | . 1 . 3 Catastrophic . | . . . . Database Lockouts . | . . . . Manual . | . . . . Terminals 13 | . 6 . 7 Fabricators . | . . . . Repair Stations . | . . . . Recycling Units . | . . . . Scanalyzers . | . . . . Garrison Access . | . . . . Terminal Hacks 10 | . 5 1 4 Record 6 | . 4 . 2 Robot Analysis 1 | . . . 1 Open Door 1 | . . 1 . Emergency Access Points 1 | . . . 1 Locate Traps 1 | . 1 . . Fabricator Hacks . | . . . . Repair Station Hacks . | . . . . Recycling Unit Hacks . | . . . . Scanalyzer . | . . . . Garrison Access Hacks . | . . . . Unauthorized Hacks . | . . . . Terminals . | . . . . Fabricators . | . . . . Repair Stations . | . . . . Recycling Units . | . . . . Scanalyzers . | . . . . Garrison Access . | . . . . Data Cores Recovered . | . . . . Used . | . . . . Hacking Detections 4 | . 2 . 2 Full Trace Events 1 | . . . 1 Feedback Events 1 | . . . 1 Corruption 1 | . . . 1 Feedback Blocked . | . . . . Robot Schematics Acquired . | . . . . Robots Built . | . . . . Authchips . | . . . . Time . | . . . . Total Robot Build Rating . | . . . . Part Schematics Acquired . | . . . . Parts Built . | . . . . Authchips . | . . . . Time . | . . . . Total Part Build Rating . | . . . . Part Studies Acquired . | . . . . Parts Repaired . | . . . . Time . | . . . . Parts Recycled . | . . . . Recycled Matter . | . . . . Retrieved Matter . | . . . . Retrieved Components . | . . . . Parts Scanalyzed . | . . . . Part Schematics Acquired . | . . . . Parts Damaged . | . . . . Bothacking | -11 -10 -10 -9 ------------ Run | Yrd Mat Min Mat Used RIF Installer . | . . . . Robots Hacked . | . . . . Non-combat . | . . . . Combat . | . . . . Robot Hacks Applied . | . . . . Relay Couplers Released . | . . . . Fabnet Peak Effective % . | . . . . Robots Rewired . | . . . . Allies Hacked . | . . . . Hacks Repelled . | . . . . Allies | -11 -10 -10 -9 -------- Run | Yrd Mat Min Mat Total Allies . | . . . . Largest Group . | . . . . Highest-Rated Group . | . . . . Highest-Rated Ally . | . . . . Total Orders . | . . . . Ally Attacks . | . . . . Total Damage . | . . . . Kills . | . . . . Allies Corrupted . | . . . . Allies Melted . | . . . . Intel | -11 -10 -10 -9 ------- Run | Yrd Mat Min Mat Active Infowar (turns) . | . . . . Robot Analysis Total 1 | . . . 1 Derelict Logs Recovered . | . . . . Drone Launches . | . . . . Drone Recoveries . | . . . . Exploration | -11 -10 -10 -9 ------------- Run | Yrd Mat Min Mat Turns Passed 2106 | 56 780 146 1124 Spaces Moved 1079 | 43 565 102 369 Core 16 | 10 . . 6 Treads . | . . . . Legs 1063 | 33 565 102 363 Wheels . | . . . . Hover . | . . . . Flight . | . . . . Fastest Speed 50 | 50 120 120 120 Average Speed 149 | 107 120 120 208 Slowest Speed 400 | 120 120 120 400 Overloaded Moves . | . . . . Propulsion Burnouts . | . . . . Robots Hopped . | . . . . Potential Cave-ins . | . . . . Cave-ins Triggered . | . . . . Exploration Rate (%) 42 | 4 80 42 43 Regions Visited 3 Branch Regions 1 Pre-discovered Areas . | . . . . Known Exits Taken 2 | . 1 1 . Unknown Exits Taken 1 | 1 . . . Scrap Searched . | . . . . Spaces Dug . | . . . . Terrain Destroyed 151 | . 54 37 60 Melee . | . . . . Projectile . | . . . . AOE 151 | . 54 37 60 Terrain Rammed . | . . . . Walls Destroyed . | . . . . Machines Disabled . | . . . . Actions | -11 -10 -10 -9 --------- Run | Yrd Mat Min Mat Total 1383 | 49 649 112 573 Wait 130 | . 60 2 68 Move 1076 | 42 564 101 369 Hop . | . . . . Pick Up 26 | . 9 . 17 Fast Attach 8 | 6 . . 2 Attach 17 | . 1 . 16 Detach . | . . . . Swap 20 | 1 4 3 12 Drop 10 | . 1 . 9 Fire 94 | . 10 6 78 Melee 2 | . . . 2 Ram . | . . . . Kick . | . . . . Crush . | . . . . Escape Stasis . | . . . . Rewire . | . . . . Trap . | . . . . Miscellaneous . | . . . . Route ------- -11/Scrapyard -10/Materials (discovered 3 exits: *Mat x2 / *Min) -10/Mines -9/Materials (discovered 2 exits: *Min x2) History --------- Turn | Location | Event 9 | -11/Scrapyard | Discovered new exit (range 14) 57 | -11/Scrapyard | Entered Materials 320 | -10/Materials | Build established: Mutant 327 | -10/Materials | Discovered new exit (range 8) 360 | -10/Materials | Identified exit to Mines 576 | -10/Materials | Discovered new exit (range 15) 721 | -10/Materials | Discovered new exit (range 15) 837 | -10/Materials | Entered Mines 852 | -10/Mines | Assembled infested the area 857 | -10/Mines | Assisted by a Guerilla fighting off Assembled 971 | -10/Mines | Discovered new exit (range 7) 975 | -10/Mines | Found the Drone Emporium 982 | -10/Mines | Identified exit to Materials 983 | -10/Mines | Entered Materials 983 | -9/Materials | Evolved 2 slots: Utility x2 985 | -9/Materials | Discovered new exit (range 7) 997 | -9/Materials | Identified exit to Mines 1703 | -9/Materials | Discovered exit to Mines (range 8) 1761 | -9/Materials | Core integrity fell below 50% 1935 | -9/Materials | Build established: Scavenger-Mutant 2076 | -9/Materials | Lost 3 parts (1u2w) 2084 | -9/Materials | Core integrity fell below 20% 2107 | -9/Materials | Destroyed by Y-45 Defender with Beam Rifle Last Messages --------------- 02071_ K-01 Serf collects debris. 02072_ R-06 Scavenger collects Beam Rifle. 02073_ R-06 Scavenger destroyed. 02074_ K-01 Serf collects debris. 02077_ Lgt. EM Pulse Cannon destroyed. 02078_ K-01 Serf collects debris. 02080_ Aluminum Leg destroyed. 02082_ Y-45 Defender destroyed. [Achievement: Resistances Are Futile] 02089_ The unstable cave ceiling collapses. 02089_ K-01 Serf collects debris. 02092_ Critical hit (Burn: +37). 02092_ K-01 Serf collects debris. 02099_ U-05 Engineer lays Concrete. 02102_ K-01 Serf collects debris. 02102_ U-05 Engineer lays Concrete. 02104_ The unstable cave ceiling collapses. 02104_ U-05 Engineer lays Concrete. 02105_ K-01 Serf collects debris. 02105_ U-05 Engineer lays Concrete. Map ----- +----------------------------------------------------+ | ??# "" "" # ! # # | | #?# ""S"" # ###############+##### #######??## | | #?# """" # #????????????# # ##????????? | | #?########## #????????????# + #?????????? | | #??????????# #????????????# # #?????????? | | #??????????# #????????????# = # #?????????? | | #?????????? ????????????# = % # #?????????? | | #?????????# ???????????# ! # #?????????? | | #?????????/ ???????????###+#### #?????????? | | #???????? # ????????????# #??# #?????????? | | #???????? # ##????????????# #??# ##????????? | | ???????? ?###+###????????????## ### ##### ? | | ???????##????????????????????# ??? | | ???????????????????#?????????# T ?? | | ???????????????????# ????????# ?? | | ???????????????????# ####????# ## ##### ? | | ???????????????????# ##### ####+######?????? | | ??????????????????## a # #?????? | | ?????????????????+ ! / #?????? | | ??????????????????## # +?????? | | ??????????????????## ### # """ """ #?????? | | ?????????????????## ## # """ """ #?????? | | ?????????????????# + # """ """ #?????? | | ?????????????????# ##### # #?????? | | ?????????????????# Yuu#???# # = #?????? | | ?????????????????# @ ##??# ##/########?????? | | ?????????????????# =! ##?# #????????????? | | ?????????????????# !*# ###!= #????????????? | | ?????????????????# [[%k%[[%[=% #????????????? | | ?????????????????## !# ###+## #????????????? | | ??????????????????# ! # # #????????????? | | ??????????????????##### ## " # ????????????? | | ??????????????????????####### T # ????????????? | | ????????????????????????????# " # ???????????? | | ????????????????????????????# # ???????????? | | ????????????????????????????# # ??????????? | | ????????????????????????????# # ??????????? | | ????????????????????????????####+## ?????????? | | ??????????????????????????????????? ?????????? | | ??????????????????????????????????? ????????? | | ??????????????????????????????????? ????????? | | ???????????????????????????????????##?#??????????? | | ?????????????????????????????????????????????????? | | ?????????????????????????????????????????????????? | | ?????????????????????????????????????????????????? | | ?????????????????????????????????????????????????? | | | | | | | | | +----------------------------------------------------+ Best States ------------- Heat Dissipation 38 Energy Generation 14 Energy Capacity 265 Matter Stores 269 Matter Capacity 300 Sight Range 16 Terrain Scan Density 10 Armor Coverage 150 Core Shielding 20 Evasion (%) 55 Targeting Accuracy 5 Item Schematics ----------------- None Robot Schematics ------------------ None Fabricated ------------ Nothing Repaired ---------- Nothing Studied --------- None Alien Tech Used ----------------- None Achievements -------------- Resistances Are Futile That Tickles Challenges ------------ None Game ------ Seed ForceSlugCorpse Manual? 0 Play Time 00:35:15 Cumulative 6.8 hours Start 2026.06.22 @ 15:28:41 End 2026.06.22 @ 16:25:26 Sessions 1 Manual Loads 0 Difficulty Rogue Special Mode None Game No. 12 Rogue 12 Adventurer 0 Explorer 0 Win Type - Total 0 Types 0/0/0/0/0/0/0/0/0/0 Lore% 3 Gallery% 9 Achievement% 10 Wizard Run 0 Options --------- Layout 1 ASCII 0 Keyboard 0 Movement Mouse Keybinds 0 Fullscreen 1 Font 24/Smallcaps Map View 50x35 Zoom Use 0% Tactical HUD 1 Map Filters NONE Filters NONE Steam 1 RUN: 6f133d5a-92b4-44e6-97dd-348ccffa5806